 Dungeon Crawl Stone Soup version 0.26-a0-1053-gaff5f71418 (webtiles) character file.

Game seed: 1668484115726011265

79 Dracia the Sneak (level 4, -10/28 HPs)
             Began as a Kobold Delver on Dec 12, 2020.
             Was an Initiate of Dithmenos.
             Mangled by an ogre
             ... wielding a +0 giant spiked club
              (32 damage)
             ... on level 4 of the Dungeon.
             The game lasted 00:01:41 (909 turns).

Dracia the Sneak (Kobold Delver)                     Turns: 909, Time: 00:01:41

Health: -10/28     AC:  3    Str:  9    XL:     4   Next: 64%
Magic:  4/4        EV: 14    Int: 11    God:    Dithmenos [......]
Gold:   76         SH:  5    Dex: 17    Spells: 3/3 levels left

rFire    . . .     SeeInvis .   a - +0 short sword
rCold    . . .     Faith    .   (shield restricted)
rNeg     . . .     Spirit   .   b - +0 leather armour
rPois    .         Reflect  +   (no helmet)
rElec    .         Harm     .   (no cloak)
rCorr    .         Rampage  .   (no gloves)
Will     .....                  (no boots)
Stlth    +++++.....             i - amulet of reflection
HPRegen  0.09/turn              (no ring)
MPRegen  0.09/turn              (no ring)

@: no status effects
A: small, nightstalker 3
a: Renounce Religion


You were on level 4 of the Dungeon.
You worshipped Dithmenos.
Dithmenos was noncommittal.
You visited 2 branches of the dungeon, and saw 3 of its levels.

You collected 76 gold pieces.


Innate Abilities, Weirdness & Mutations

You are small and have problems with some larger weapons.
You are completely attuned to the shadows.


   Skills:
 - Level 3.2 Fighting
 + Level 4.6 Short Blades
 - Level 2.4 Dodging
 + Level 7.8 Stealth


You had 3 spell levels left.
You didn't know any spells.
Your spell library was empty.

Inventory:

Hand Weapons
 a - a +0 short sword (weapon)
Missiles
 f - 2 throwing nets {=f=f}
Armour
 b - a +0 leather armour (worn)
Jewellery
 i - an amulet of reflection (around neck)
Wands
 g - a wand of digging (3)
 l - a wand of polymorph (11)
Scrolls
 c - a scroll of fog
 d - a scroll of magic mapping
 e - a scroll of fear
 j - a scroll of noise {unknown}
 k - a scroll of amnesia {unknown}
 n - a scroll of remove curse {unknown}
Potions
 h - a potion of flight {unknown}
 m - 2 potions of curing {@q1@q1}

Dungeon Overview and Level Annotations

Branches:
Dungeon (5/15)             Temple (1/1) D:5

Altars:
Dithmenos
Ru

#.#######.# #.# #.# ####
#.# #.# ...###### #.# #.#
........# #.# #.#
...####.### #.# #.#
...##.....# #.# #.#
##.##.....#####.#######.#
#.##......(...O@.....#.#
#.##.....#####.#####.#.####
#.##.....#.........#.#....#
#.##.....#.###.###.#.####.#
#.##.....#.###.....#.# #.#
#.#.##.#.#....#......# #.#
##.#....#.####.#.###### #.#
............>#.#.# #.#
##.#.#.###.#.#.#.# #.#


You could see an ogre.


Message History

An ogre is nearby!
The ogre shouts!
You barely miss the ogre. You hit the ogre.
The ogre is moderately wounded.
You block the ogre's attack.
You hit the ogre but do no damage.
The ogre is moderately wounded.
The ogre hits you with a +0 giant spiked club!!
Ouch! That really hurt!
* * * LOW HITPOINT WARNING * * *
There is an open door here.
It was a potion of curing.
You feel better. The ogre barely misses you.
You hit the ogre.
The ogre is moderately wounded.
You block the ogre's attack.
You see here 14 arrows.
You hit the ogre.
The ogre is heavily wounded.
You block the ogre's attack.
You hit the ogre.
The ogre is heavily wounded.
The ogre misses you. The ogre misses you.
You hit the ogre.
The ogre is heavily wounded.
The ogre hits you with a +0 giant spiked club!!
Ouch! That really hurt!
You die...

Skill      XL: |  1  2 |
---------------+-------+-----
Short Blades   | 3 4 |  4.6
Stealth        | 7 |  7.8
Fighting       | |  3.2
Dodging        | |  2.4

Action                   |  1- 3 |  4- 6 || total
-------------------------+-------+-------++-------
Melee: Short sword       |     7 |    33 ||    40
  Use: Potion            |       |     2 ||     2
 Stab: Sleeping          |     7 |     3 ||    10
Armor: Leather armour    |       |     1 ||     1
Dodge: Dodged            |       |    17 ||    17
Block: Other             |       |    10 ||    10

Levels and vault maps discovered:
D:4:      wad_woods_tower, layout_basic
D:5:      layout_loops_corners, grunt_temple_overflow_open,
          minmay_temple_entry_trees, basic_altar, makhleb_altar_promises_db
Temple:   regret_index_temple_generic_petals

Notes
Turn   | Place    | Note
-------+----------+-------------------------------------------
     0 | D:5      | Dracia the Kobold Delver began the quest for the Orb.
     0 | D:5      | Reached XP level 1. HP: 14/14 MP: 1/1
     5 | D:5      | Found a staircase to the Ecumenical Temple.
    11 | Temple   | Entered the Ecumenical Temple
    30 | Temple   | Became a worshipper of Dithmenos the Shadowed
   126 | D:5      | Reached skill level 3 in Short Blades
   126 | D:5      | Reached skill level 7 in Stealth
   126 | D:5      | Reached XP level 2. HP: 19/19 MP: 2/2
   242 | D:5      | Found a sacrificial altar of Ru.
   256 | D:5      | Noticed an ogre
   313 | D:4      | Reached skill level 4 in Short Blades
   313 | D:4      | Reached XP level 3. HP: 23/23 MP: 3/3
   322 | D:4      | Reached XP level 4. HP: 28/28 MP: 4/4
   870 | D:4      | Noticed an ogre
   909 | D:4      | Mangled by an ogre

Vanquished Creatures
  A hound (D:4)
  A howler monkey zombie (D:5)
  2 gnolls (D:4)
  An adder (D:4)
  An orc (D:5)
  3 jackals (D:4)
  3 quokkas (D:4)
12 creatures vanquished.

Table legend: (Time is in decaauts)
 A = Elapsed time spent in this place.
 B = Non-inter-level travel time spent in this place.
 C = Inter-level travel time spent in this place.
 D = Time resting spent in this place.
 E = Time spent auto-exploring this place.
 F = Levels seen in this place.
 G = Mean time per level.
                   A        B        C        D        E       F      G
               +--------+--------+--------+--------+--------+-----+--------+
         Total |    889 |    873 |     16 |    268 |    459 |   3 |  296.3 |
       Dungeon |    852 |    852 |      0 |    268 |    445 |   2 |  426.0 |
        Temple |     36 |     20 |     16 |      0 |     14 |   1 |   36.0 |
               +--------+--------+--------+--------+--------+-----+--------+

Top non-repeatable levels by time:
     D:4: 612 daAuts
     D:5: 239 daAuts
  Temple: 36 daAuts

Table legend:
 A = Non-vault XP
 B = Vault XP
 C = Vault XP percentage of total XP
 D = Non-vault monster count
 E = Vault monster count
 F = Vault count percentage of total count
                 A         B        C        D         E       F
            +---------+---------+-------+---------+---------+-------
      Total |      80 |      34 |  29.8 |       7 |       5 |  41.7
            +---------+---------+-------+---------+---------+-------
        D:4 |      61 |      34 |  35.8 |       5 |       5 |  50.0
        D:5 |      19 |       0 |   0.0 |       2 |       0 |   0.0
            +---------+---------+-------+---------+---------+-------
